 Dungeon Crawl Stone Soup version 0.31-a0-986-g5e6e4ef867 (webtiles) character file.

Game seed: 9700218634903389646

4332 IdlyInterested the Mimic (level 10, 0/76 HPs)
             Began as a Demonspawn Shapeshifter on Nov 9, 2023.
             Slain by an anaconda (shapeshifter) (1 damage)
             ... on level 9 of the Dungeon.
             The game lasted 00:25:21 (6168 turns).

IdlyInterested the Mimic (Demonspawn Shapeshifter)  Turns: 6168, Time: 00:25:22

Health: 0/76       AC: 13    Str: 17    XL:     10   Next: 12%
Magic:  10/10      EV: 10    Int: 15    God:
Gold:   386        SH:  0    Dex: 13    Spells: 9/9 levels left

rFire   + .          .
                       - Unarmed
rCold   . . .        (shield currently unavailable)
rNeg    . . .        h - +3 scale mail {rF+}
rPois   .            o - +1 hat
rElec   .            Q - +0 cloak
rCorr   .            (no gloves)
SInv    +            (no boots)
Will    +....        u - amulet of the acrobat
Stlth   +            k - ring of willpower
HPRegen 0.32/turn    J - ring of see invisible
MPRegen 0.12/turn

%: random rage (3%), acrobat
@: flux-form, on berserk cooldown, slowed, glowing, very slow
A: glow, contaminating, rugged brown scales 2, spiny 1, demonic touch 2,
antennae 1, berserk 1, clever 1
a: Begin Untransformation


You were on level 9 of the Dungeon.
You were something dangerously unstable.
You visited 2 branches of the dungeon, and saw 10 of its levels.

You collected 621 gold pieces.
You spent 235 gold pieces at shops.

Inventory:

Missiles
 f - 3 atropa-tipped darts
 l - 2 throwing nets
 q - 99 stones (quivered)
 A - 25 poisoned darts
 D - 5 boomerangs
 K - a curare-tipped dart
Armour
 h - a +3 scale mail of fire resistance (worn)
 o - a +1 hat (worn)
 Q - a +0 cloak (worn)
Magical Staves
 S - a staff of fire
Jewellery
 k - a ring of willpower (left hand)
 s - a ring of positive energy
 u - an amulet of the acrobat (around neck)
 J - a ring of see invisible (right hand)
Talismans
 c - a beast talisman
 d - a flux talisman (active)
 N - a maw talisman
Wands
 n - a wand of light (2)
 G - a wand of roots (4)
 H - a wand of flame (17)
 L - a wand of paralysis (9)
Scrolls
 i - a scroll of butterflies
 j - 2 scrolls of brand weapon
 x - 3 scrolls of teleportation
 C - 4 scrolls of fog
 E - a scroll of silence
 I - 3 scrolls of revelation
 P - a scroll of fear
 R - 2 scrolls of enchant weapon {unknown}
 U - a scroll of poison {unknown}
 V - a scroll of acquirement {unknown}
 W - 2 scrolls of blinking {unknown}
 X - a scroll of amnesia {unknown}
 Y - a scroll of immolation {unknown}
Potions
 a - a potion of degeneration {unknown}
 b - a potion of lignification
 e - 3 potions of mutation
 g - a potion of cancellation
 m - a potion of invisibility {unknown}
 p - a potion of haste {unknown}
 r - a potion of attraction
 z - a potion of curing
 B - 2 potions of brilliance
 T - a potion of berserk rage


   Skills:
 + Level 4.4 Fighting
 - Level 2.0 Throwing
 - Level 3.0 Armour
 - Level 3.0 Dodging
 - Level 2.0 Stealth
 + Level 7.6 Unarmed Combat
 - Level 2.0 Evocations
 * Level 8.9 Shapeshifting


You had 9 spell levels left.
You didn't know any spells.
Your spell library contained the following spells:

 Spells                   Type           Power      Damage    Failure   Level
 Slow                     Hex            0%         N/A       65%         1
 Confusing Touch          Hex            0%         N/A       95%         3
 Sigil of Binding         Hex            0%         N/A       95%         3
 Vampiric Draining        Necr           0%         2d6       95%         3


Dungeon Overview and Level Annotations

Branches:
Dungeon (9/15)             Temple (1/1) D:7
   Lair: D:8-11         Orc: D:9-12

Altars:
Ashenzari
Cheibriados
Dithmenos
Fedhas
Gozag
Hepliaklqana
Kikubaaqudgha
Makhleb
Nemelex Xobeh
Okawaru
Qazlal
Ru
Sif Muna
Trog
Uskayaw
Vehumet
Wu Jian
Xom
Yredelemnul

Shops:
D:4 *   D:7 =


Innate Abilities, Weirdness & Mutations

You are something dangerously unstable.
You glow with magical radiation, making you easy to see and hit.
Foes you strike become dangerously contaminated with magical radiation.
You are incapable of wielding weapons or throwing items.
You are mostly covered in rugged brown scales. (AC +2, +5% HP)
You are partially covered in sharp spines.
Your touch may inflict irresistible damage on your foes.
You have a pair of small antennae on your head.
You sometimes lose your temper in combat.
Your mind is acute. (Int +4, Str/Dex -1)


Message History

The efreet gestures at you.
The fireball explodes!
The fireball engulfs you. You resist.
You hear two shouts!
You hit the efreet but do no damage.
The efreet begins to glow.
You touch the efreet!
The efreet is moderately wounded.
An anaconda comes into view.
The efreet gestures at you.
The fireball explodes!
The fireball engulfs you! You resist.
The fireball engulfs the efreet.
The efreet completely resists.
The efreet hits you with a +3 scimitar of flaming!
The efreet burns you.
You hit the efreet but do no damage.
The efreet glows dangerously bright.
The efreet is moderately wounded.
The efreet hits you with a +3 scimitar of flaming!
The efreet burns you.
You hit the efreet.
The efreet shudders as magic cascades through it!!
You kill the efreet!
You hit the anaconda but do no damage.
The anaconda begins to glow.
The anaconda is lightly wounded.
The anaconda is struck by your spines. The anaconda barely misses you.
The anaconda is struck by your spines. The anaconda bites you.
You hit the anaconda but do no damage.
The anaconda glows dangerously bright.
The anaconda is lightly wounded.
The anaconda closely misses you. The anaconda bites you!
The anaconda is struck by your spines. The anaconda completely misses you.
You barely miss the anaconda.
The anaconda is moderately wounded.
The anaconda bites you!
* * * LOW HITPOINT WARNING * * *
The anaconda bites you.
* * * LOW HITPOINT WARNING * * *
You closely miss the anaconda.
The anaconda is moderately wounded.
The anaconda is struck by your spines. The anaconda bites you!
* * * LOW HITPOINT WARNING * * *
A two-headed ogre comes into view.
It is wielding a +0 giant spiked club and a +0 giant club.
The anaconda bites you.
You die...

#.......######..'.....)..+.<...
#....)).#....#..#........#.....
#.......#....#..#.....)..#.....
#^.....))....#..#........#.....
#.......######..#........#.....
#........)...)..#........#.....
#...............#....#####)....
#.............S.######....)....
#.##########..p..........)....#
... #................### ....
#..............### ....
#............### ....
#..........### ....
#........##' #..........###
#O...........###
...............###


You could see an anaconda (heavy contam) and a two-headed ogre.

Vanquished Creatures
  Pikel (D:5)
  An efreet (D:9)
  A hornet (D:7)
  Sigmund (D:5)
  A redback (shapeshifter) (D:9)
  Menkaure (D:5)
  Duvessa (D:5)
  4 orc warriors
  2 sky beasts
  An ice beast (D:6)
  An ogre (D:7)
  3 centaurs
  3 phantoms
  A kobold brigand (D:4)
  4 scorpions
  A gnoll sergeant (D:8)
  Dowan (D:5)
  6 killer bees (D:8)
  4 howler monkeys
  4 orc priests (D:9)
  5 hounds
  2 iguanas (D:7)
  A sleepcap (D:5)
  Jessica (D:3)
  Ijyb (D:3)
  8 orc wizards
  Robin (D:2)
  8 gnolls
  9 adders
  A shadow imp (D:5)
  A white imp (D:6)
  3 worms
  4 dart slugs
  18 orcs
  12 endoplasms
  2 giant cockroaches
  12 goblins
  10 hobgoblins
  4 jackals (D:1)
  6 kobolds
  7 quokkas
  8 ball pythons
  8 bats
  4 frilled lizards (D:1)
  4 rats
182 creatures vanquished.

Notes
Turn   | Place    | Note
-------+----------+-------------------------------------------
     0 | D:1      | IdlyInterested the Demonspawn Shapeshifter began the quest
                  | for the Orb.
     0 | D:1      | Reached XP level 1. HP: 15/15 MP: 1/1
   125 | D:1      | Gained mutation: You are partially covered in sharp spines.
                  | [demonic ancestry]
   125 | D:1      | Reached XP level 2. HP: 21/21 MP: 2/2
   200 | D:1      | Reached skill level 3 in Shapeshifting
   545 | D:1      | Reached skill level 1 in Armour
   567 | D:1      | Reached XP level 3. HP: 23/26 MP: 3/3
  1123 | D:2      | Reached skill level 1 in Stealth
  1123 | D:2      | Gained mutation: Your touch may inflict minor irresistible
                  | damage on your foes. [demonic ancestry]
  1123 | D:2      | Reached XP level 4. HP: 32/32 MP: 4/4
  1327 | D:2      | Noticed Robin
  1334 | D:2      | Killed Robin
  1685 | D:2      | Found a basalt altar of Yredelemnul.
  1705 | D:2      | Gained mutation: Your mind is acute. (Int +4, Str/Dex -1)
                  | [potion of mutation]
  1705 | D:2      | Gained mutation: You sometimes lose your temper in combat.
                  | [potion of mutation]
  1705 | D:2      | Gained mutation: You have a pair of small antennae on your
                  | head. [potion of mutation]
  1930 | D:3      | Noticed Jessica
  1936 | D:3      | Killed Jessica
  1937 | D:3      | Reached skill level 1 in Throwing
  1937 | D:3      | Reached skill level 4 in Shapeshifting
  1937 | D:3      | Gained mutation: You are partially covered in rugged brown
                  | scales. (AC +1, +3% HP) [demonic ancestry]
  1937 | D:3      | Reached XP level 5. HP: 22/38 MP: 5/5
  2086 | D:3      | Noticed Ijyb
  2095 | D:3      | Killed Ijyb
  2310 | D:4      | Reached skill level 1 in Evocations
  2317 | D:4      | Gained mutation: You are mostly covered in rugged brown
                  | scales. (AC +2, +5% HP) [demonic ancestry]
  2317 | D:4      | Reached XP level 6. HP: 25/45 MP: 6/6
  2543 | D:4      | Reached skill level 5 in Shapeshifting
  2610 | D:4      | Found Josud's Assorted Antiques.
  2871 | D:4      | Bought a runed scale mail for 126 gold pieces
  2871 | D:4      | Bought a long brass wand for 72 gold pieces
  2871 | D:4      | Bought a wand of flame (3) for 37 gold pieces
  2923 | D:5      | Entered Level 5 of the Dungeon
  3052 | D:5      | Noticed Duvessa
  3052 | D:5      | Noticed Dowan
  3063 | D:5      | Reached XP level 7. HP: 36/52 MP: 7/7
  3064 | D:5      | Killed Dowan
  3070 | D:5      | Killed Duvessa
  3218 | D:5      | Noticed Sigmund
  3226 | D:5      | Killed Sigmund
  3239 | D:5      | Noticed Menkaure
  3245 | D:5      | Killed Menkaure
  3294 | D:5      | Noticed Pikel
  3321 | D:5      | Killed Pikel
  3322 | D:5      | Reached skill level 6 in Shapeshifting
  3322 | D:5      | Reached XP level 8. HP: 51/63 MP: 8/8
  3450 | D:5      | Found an iron altar of Okawaru.
  3551 | D:5      | Found an iron altar of Okawaru.
  3968 | D:6      | Reached skill level 7 in Shapeshifting
  4103 | D:6      | Gained mutation: Your touch may inflict irresistible damage
                  | on your foes. [demonic ancestry]
  4103 | D:6      | Reached XP level 9. HP: 60/68 MP: 9/9
  4636 | D:7      | Found Nubem's Jewellery Emporium.
  5045 | D:7      | Found a staircase to the Ecumenical Temple.
  5051 | Temple   | Entered the Ecumenical Temple
  5238 | D:8      | Reached skill level 8 in Shapeshifting
  5921 | D:9      | Identified the "Sias"
  6036 | D:9      | Reached XP level 10. HP: 43/74 MP: 10/10
  6162 | D:9      | Noticed an anaconda
  6168 | D:9      | HP: 1/76 [anaconda (shapeshifter) (12)]
  6168 | D:9      | Noticed a two-headed ogre
  6168 | D:9      | Slain by an anaconda (shapeshifter)

Illustrated notes

Levels and vault maps discovered:
D:1:      spicycebolla_arrival_xxxplode, layout_basic, patterned_corridor
D:2:      layout_basic, basic_altar, kennysheep_generic_room_8, uniq_robin
D:3:      layout_rooms, tso_oasis_becter, uniq_ijyb, uniq_jessica
D:4:      layout_basic, serial_shops, nicolae_shop_back_alley_shop
D:5:      wander_river, layout_basic, hangedman_feature_mirror, uniq_menkaure,
          uniq_duvessa, uniq_sigmund, uniq_pikel
D:6:      layout_basic
D:7:      layout_gridville, minmay_temple_entry_hall, serial_shops,
          kennysheep_little_box
D:8:      layout_basic, corexii_leaking_fountain
D:9:      minmay_the_grid_four_pointed_star
          [minmay_the_grid_triangle_9x9_wacky_v,
          minmay_the_grid_triangle_9x9_windchime,
          minmay_the_grid_triangle_9x9_fully_insulated_deathbox,
          minmay_the_grid_triangle_9x9_from_above,
          minmay_the_grid_prize_four_corners_diamond_b], layout_irregular_city
Temple:   mainiacjoe_temple_archimedes_tessellation

Skill      XL: |  1  2  3  4  5  6  7  8  9 |
---------------+----------------------------+-----
Shapeshifting  | 3 4 5 6 7 8 |  8.9
Unarmed Combat | 3 4 6 7 |  7.6
Armour         | 1 3 |  3.0
Stealth        | 1 2 |  2.0
Throwing       | 1 2 |  2.0
Evocations     | 1 2 |  2.0
Fighting       | 2 4 |  4.4
Dodging        | 3 |  3.0

Action                     |  1- 3 |  4- 6 |  7- 9 | 10-12 || total
---------------------------+-------+-------+-------+-------++-------
  Melee: Unarmed           |    79 |   109 |   213 |    16 ||   417
         Punch             |     2 |     2 |       |       ||     4
         Touch             |       |    21 |    39 |     4 ||    64
  Evoke: Wand              |       |       |     1 |       ||     1
    Use: Scroll            |     3 |     2 |     5 |       ||    10
         Potion            |     1 |     3 |     4 |       ||     8
   Stab: Sleeping          |     4 |     2 |       |       ||     6
 Armour: Animal skin       |    10 |       |       |       ||    10
         Robe              |    20 |    24 |       |       ||    44
         Ring mail         |       |    11 |       |       ||    11
         Scale mail        |       |    24 |   156 |    13 ||   193
  Dodge: Dodged            |    35 |    54 |   121 |     8 ||   218
         Form:             |       |     2 |     1 |       ||     3
         Beast             |       |     2 |       |       ||     2
         Flux              |       |     1 |     1 |       ||     2

Table legend: (Time is in decaauts)
 A = Elapsed time spent in this place.
 B = Non-inter-level travel time spent in this place.
 C = Inter-level travel time spent in this place.
 D = Time resting spent in this place.
 E = Time spent auto-exploring this place.
 F = Levels seen in this place.
 G = Mean time per level.
                   A        B        C        D        E       F      G
               +--------+--------+--------+--------+--------+-----+--------+
         Total |   6247 |   5974 |    273 |    842 |   3470 |  10 |  624.7 |
       Dungeon |   6220 |   5950 |    270 |    842 |   3470 |   9 |  691.1 |
        Temple |     27 |     25 |      2 |      0 |      0 |   1 |   27.0 |
               +--------+--------+--------+--------+--------+-----+--------+

Top non-repeatable levels by time:
     D:2: 1080 daAuts
     D:5: 894 daAuts
     D:6: 719 daAuts
     D:7: 715 daAuts
     D:8: 711 daAuts
     D:1: 690 daAuts
     D:4: 659 daAuts
     D:3: 502 daAuts
     D:9: 247 daAuts
  Temple: 27 daAuts
